 Dungeon Crawl Stone Soup version 0.18-a0-670-g393520a (webtiles) character file.

430 Proton the Shield-Bearer (level 7, -1/55 HPs)
             Began as a Formicid Fighter on Dec 6, 2015.
             Succumbed to poison (a potion of poison)
             ... on level 7 of the Dungeon.
             The game lasted 00:04:25 (3246 turns).

Proton the Shield-Bearer (Formicid Fighter)         Turns: 3246, Time: 00:04:25

Health: -1/55      AC:  7    Str: 23    XL:     7   Next: 19%
Magic:  7/7        EV:  8    Int: 18    God:
Gold:   155        SH: 10    Dex: 10    Spells: 0 memorised, 6 levels left

rFire  . . .     SeeInvis +     a - +0 war axe
rCold  . . .     Clarity  .     b - +0 scale mail
rNeg   . . .     SustAt   .     c - +0 shield
rPois  .         Gourm    .     (helmet unavailable)
rElec  .         Spirit   .     (no cloak)
rCorr  .         Dismiss  .     (no gloves)
rMut   .         Stasis   +     (no boots)
MR     .....                    (no amulet)
Stlth  ..........               (no ring)
                                l - +6 ring of intelligence

@: brilliant, lethally poisoned (-1 -> -21), flying, not resistant to hostile
enchantments, extremely unstealthy
A: permanent stasis, dig shafts and tunnels, four strong arms, antennae 3
a: Dig, Shaft Self


You were on level 7 of the Dungeon.
You were not hungry.

You visited 1 branch of the dungeon, and saw 5 of its levels.

You collected 155 gold pieces.

Inventory:

Hand Weapons
 a - a +0 war axe (weapon)
Missiles
 e - 6 javelins (quivered)
Armour
 b - a +0 scale mail (worn)
 c - a +0 shield (worn)
Jewellery
 l - a +6 ring of intelligence (left hand)
 p - an uncursed ring of ice
 x - an uncursed ring of flight {unknown}
Scrolls
 f - a scroll of enchant armour {unknown}
 g - 5 scrolls of identify {unknown}
 k - 2 scrolls of teleportation {unknown}
 m - a scroll of remove curse {unknown}
 q - a scroll of recharging {unknown}
 t - 2 scrolls of enchant weapon {unknown}
 u - a scroll of immolation {unknown}
 y - a scroll of amnesia {unknown}
 z - a scroll of magic mapping {unknown}
Potions
 d - a potion of might
 i - a potion of agility {unknown}
 j - a potion of ambrosia {unknown}
 o - a potion of poison
Comestibles
 s - a meat ration
 v - 4 bread rations


   Skills:
 + Level 4.8 Fighting
 * Level 4.8 Axes
 + Level 4.8 Armour
 + Level 4.8 Shields


You had 6 spell levels left.
You didn't know any spells.

Dungeon Overview and Level Annotations

Branches:
Dungeon (4/15)
 Temple: D:4-7

Altars:
Qazlal
Sif Muna

Shops:
D:7 ?


Innate Abilities, Weirdness & Mutations

You are under a permanent stasis effect.
You can dig through walls and to a lower floor.
Your four strong arms can wield two-handed weapons with a shield.
You have a pair of large antennae on your head (SInv).


Message History

Drink which item? (? for menu, Esc to quit)
It was a potion of poison.
That liquid tasted very nasty...
You are more poisoned.
* * * LOW HITPOINT WARNING * * *
You feel sick.
Drink which item? (? for menu, Esc to quit)
It was a potion of berserk rage.
You cannot go berserk while under stasis.
* * * LOW HITPOINT WARNING * * *
You feel sick.
Drink which item? (? for menu, Esc to quit)
It was a potion of brilliance.
You feel clever all of a sudden.
* * * LOW HITPOINT WARNING * * *
You feel sick.
Drink which item? (? for menu, Esc to quit)
It was a potion of flight.
You feel very buoyant.
You fly up into the air.
You die...

.... ... ...?#..###
....#...#######
.....#........ #.....
...... # #..###.....
.
#...#####..#...###...
......)@.............
......)##...........#
###.### ##..........#
.. ##.........# .
##........)
##........ #........
#...∩..## #......#


There were no monsters in sight!

Vanquished Creatures
  A black bear (D:7)
  Ijyb (D:2)
  Jessica (D:3)
  An orc priest (D:4)
  2 worker ants
  5 gnolls
  9 adders
  An ooze (D:3)
  A worm (D:2)
  3 giant geckos
  8 orcs
  3 bats
  7 giant cockroaches
  2 goblins (D:1)
  6 hobgoblins
  7 jackals
  2 quokkas (D:3)
  A ball python (D:2)
  4 giant newts
  7 kobolds
  4 rats
  2 fungi (D:1)
78 creatures vanquished.

Notes
Turn   | Place    | Note
--------------------------------------------------------------
     0 | D:1      | Proton the Formicid Fighter began the quest for the Orb.
     0 | D:1      | Reached XP level 1. HP: 18/18 MP: 1/1
    60 | D:1      | Reached XP level 2. HP: 5/24 MP: 2/2
   609 | D:1      | Reached XP level 3. HP: 29/29 MP: 3/3
  1278 | D:2      | Reached XP level 4. HP: 34/37 MP: 4/4
  1440 | D:2      | Noticed Ijyb
  1492 | D:2      | Killed Ijyb
  1492 | D:2      | Reached skill level 4 in Fighting
  1492 | D:2      | Reached XP level 5. HP: 27/42 MP: 5/5
  2032 | D:3      | Found a stormy altar of Qazlal.
  2605 | D:3      | Noticed Jessica
  2637 | D:3      | Killed Jessica
  2637 | D:3      | Reached XP level 6. HP: 48/48 MP: 6/6
  2647 | D:3      | Found a deep blue altar of Sif Muna.
  2966 | D:4      | You fall through a shaft for 3 floors!
  2966 | D:7      | Found Wathorel's Magic Scroll Shop.
  3220 | D:7      | Noticed a black bear
  3234 | D:7      | Killed a black bear
  3234 | D:7      | Reached XP level 7. HP: 15/55 MP: 7/7
  3245 | D:7      | HP: 1/55 [poison (a potion of poison)]
  3246 | D:7      | Succumbed to poison (a potion of poison)

Vault maps used:
D:1:      elethiomel_arrival_shortcut, minmay_gold_behind_fungi,
          serial_bayou_crossing
D:2:      uniq_iyjb
D:3:      tgw_sif, nicolae_qazlal_general_emergency, serial_glass,
          glass_columns_b, glass_columns_b, glass_columns_a, glass_columns_a,
          glass_columns_a, glass_columns_c, glass_columns_a, glass_columns_a,
          glass_columns_a, glass_columns_b, first_bread
D:4:      minmay_temple_entry_overgrown, serial_shops, shop
D:7:      gammafunk_temple_overflow_wave, serial_shops, shop

Action                   |  1- 3 |  4- 6 |  7- 9 || total
-------------------------+-------+-------+-------++-------
Melee: War axe           |    89 |   174 |     6 ||   269
 Abil: Dig               |       |     1 |       ||     1
       Shaft Self        |       |     1 |       ||     1
  Use: Potion            |       |       |     4 ||     4
  Eat: Bread ration      |     1 |       |       ||     1
       Beef jerky        |       |     1 |       ||     1
       Meat ration       |       |     1 |       ||     1
